 Dungeon Crawl Stone Soup version 0.25-a0-287-g56a5b49892 (webtiles) character file.

Game seed: 6080798811690546504, levelgen mode: deterministic

1280 kae the Destroyer (level 8, -5/41 HPs)
             Began as a Tengu Fire Elementalist on Dec 12, 2019.
             Was a Believer of Vehumet.
             Killed from afar by Blork the orc (9 damage)
             ... with a puff of flame
             ... on level 5 of the Dungeon.
             The game lasted 00:09:24 (6871 turns).

kae the Destroyer (Tengu Fire Elementalist)         Turns: 6871, Time: 00:09:24

Health: -5/41      AC:  2    Str:  9    XL:     8   Next: 54%
Magic:  10/15      EV: 13    Int: 17    God:    Vehumet [**....]
Gold:   323        SH:  0    Dex: 15    Spells: 7/15 levels left

rFire    . . .     SeeInvis .   r - +1 glaive
rCold    . . .     Gourm    .   (shield currently unavailable)
rNeg     . . .     Faith    .   a - +0 robe
rPois    +         Spirit   .   (helmet restricted)
rElec    .         Reflect  .   (no cloak)
rCorr    .         Harm     .   (no gloves)
MR       .....                  (boots unavailable)
Stlth    ++........             v - amulet of magic regeneration
HPRegen  0.13/turn              b - ring of poison resistance
MPRegen  0.39/turn              (no ring)

@: starving
A: beak, talons 3, able to fly
a: Fly, Renounce Religion


You were on level 5 of the Dungeon.
You worshipped Vehumet.
Vehumet was pleased with you.
You were starving.

You visited 2 branches of the dungeon, and saw 6 of its levels.
You also visited: Sewer.

You collected 323 gold pieces.

Inventory:

Hand Weapons
 q - a +0 falchion
 r - a +1 glaive (weapon)
Armour
 a - a +0 robe (worn)
Jewellery
 b - a ring of poison resistance (left hand)
 e - a cursed ring of teleportation {unknown}
 v - an amulet of magic regeneration (around neck)
Scrolls
 f - a scroll of remove curse
 u - a scroll of enchant weapon
Potions
 d - a potion of mutation {unknown}
 g - a potion of berserk rage {unknown}
 h - a potion of agility {unknown}
 j - a potion of ambrosia {unknown}
 k - 2 potions of haste {unknown}
 l - a potion of might {unknown}
 m - a potion of brilliance {unknown}
 o - 2 potions of degeneration {unknown}
 p - a potion of curing {unknown}
 s - a potion of flight {unknown}
Comestibles
 c - 12 rations


   Skills:
 - Level 2.1 Dodging
 - Level 2.0 Stealth
 + Level 4.4 Spellcasting
 * Level 8.3 Conjurations
 * Level 7.7 Fire Magic


You had 7 spell levels left.
You knew the following spells:

 Your Spells              Type           Power        Failure   Level  Hunger
a - Foxfire               Conj/Fire      ####         1%          1    None
b - Conjure Flame         Conj/Fire      ####....     1%          3    ###....
c - Sticky Flame          Conj/Fire      ####....     5%          4    ####...

Your spell library contained the following spells:

 Spells                   Type           Power        Failure   Level  Hunger
 Searing Ray              Conj           ####..       1%          2    ##.....
 Inner Flame              Hex/Fire       ###.....     9%          3    ###....
 Fireball                 Conj/Fire      ####......   16%         5    ######.


Dungeon Overview and Level Annotations

Branches:
Dungeon (5/15)             Temple (1/1) D:4           Sewer (visited)

Altars:
Ashenzari
Dithmenos
Qazlal
Sif Muna
Vehumet
Yredelemnul

Shops:
D:4 :(%*   D:5 (

Annotations:
D:5 Blork the orc


Innate Abilities, Weirdness & Mutations

You have a beak for a mouth.
You have claws for feet.
You can fly continuously.


Message History

Aiming: Sticky Flame (safe; 5% risk of failure)
Press: ? - help, Shift-Dir - straight line, f - Blork the orc
Aim: Blork the orc, wielding a +0 halberd and wearing a +0 robe of cold resistance (moderately wounded)
The sticky flame hits Blork the orc!
Blork the orc is heavily wounded.
Blork the orc is covered in liquid flames!
You are starving!
Blork the orc burns!
Blork the orc gestures at you while chanting.
The puff of flame hits you!
* * * LOW HITPOINT WARNING * * *
Okay, then.
You don't have the energy to cast that spell.
You don't have the energy to cast that spell.
You hit Blork the orc. Your kick misses Blork the orc.
Blork the orc is severely wounded.
Blork the orc burns! x2
Blork the orc gestures at you while chanting.
The puff of flame hits you!
You die...

#..(.....# #.. #.######.# #.#
.# ##### #.####...##
#.####.#######...#
#...(.....###.##.............#
#.##...........o...#######...#
#.........###.# ....# ##.##
#....>...## #.# ...# #.#
#........# #.###..# #.#
#......### #.@o...# #.#
#......# #####.## #####.###
####.### ##'## #........ ##.##
##...## #.###.##. ##...###
##.....###.# #[##( ##.###..##
##.......##.###.... ##.##
##..####.........#.##..)#.
#.##
####....+.......#.'........
#.#
#....####.....≈≈#.#.##...#.


You could see Blork the orc (burning).

Vanquished Creatures
  Sigmund (D:2)
  A phantom (D:4)
  2 ogres
  A centaur (D:5)
  A crocodile (Sewer)
  2 scorpions
  A hound (D:5)
  A jelly (D:5)
  2 orc priests
  5 orc wizards
  Jessica (D:2)
  2 worker ants (D:4)
  11 adders
  2 river rats (D:5)
  An adder skeleton (D:4)
  A worm (D:3)
  2 dart slugs (D:1)
  3 leopard geckos
  31 orcs
  3 ball pythons
  17 bats
  4 giant cockroaches
  3 goblins (D:1)
  11 hobgoblins
  14 jackals
  A quokka (D:4)
  6 frilled lizards
  4 kobolds
  A quokka skeleton (D:4)
  7 rats
142 creatures vanquished.

Vanquished Creatures (others)
  318 foxfires
318 creatures vanquished.

Grand Total: 460 creatures vanquished

Notes
Turn   | Place    | Note
-------+----------+-------------------------------------------
     0 | D:1      | kae the Tengu Fire Elementalist began the quest for the
                  | Orb.
     0 | D:1      | Reached XP level 1. HP: 10/10 MP: 4/4
    69 | D:1      | Reached skill level 2 in Conjurations
    69 | D:1      | Reached XP level 2. HP: 9/15 MP: 1/6
   511 | D:1      | Reached XP level 3. HP: 16/19 MP: 3/7
   869 | D:1      | Reached skill level 3 in Conjurations
  1776 | D:2      | Reached XP level 4. HP: 24/24 MP: 5/8
  1833 | D:2      | Noticed Jessica
  1847 | D:2      | Killed Jessica
  1944 | D:2      | Found a shattered altar of Ashenzari.
  2054 | D:2      | Gained mutation: You can fly continuously. [Tengu growth]
  2054 | D:2      | Reached XP level 5. HP: 19/28 MP: 10/10
  2079 | D:2      | Noticed Sigmund
  2124 | D:2      | Killed Sigmund
  2124 | D:2      | Reached skill level 5 in Conjurations
  2124 | D:2      | Reached skill level 5 in Fire Magic
  2124 | D:2      | Reached XP level 6. HP: 24/32 MP: 9/11
  2342 | D:2      | Learned a level 3 spell: Conjure Flame
  2347 | D:2      | Learned a level 4 spell: Sticky Flame
  2398 | D:3      | Found a radiant altar of Vehumet.
  2425 | D:3      | Became a worshipper of Vehumet
  3596 | D:3      | Reached XP level 7. HP: 32/36 MP: 4/13
  3796 | D:4      | Reached * piety under Vehumet
  3796 | D:4      | Offered knowledge of Shock by Vehumet.
  4037 | D:4      | Reached skill level 6 in Conjurations
  4551 | D:4      | Found Wame's General Store.
  4554 | D:4      | Found Xicotz's Food Shop.
  4555 | D:4      | Found Tala's Book Shop.
  4560 | D:4      | Found Goxeho's Antique Weapon Shop.
  4624 | D:4      | Found a staircase to the Ecumenical Temple.
  4667 | Temple   | Entered the Ecumenical Temple
  5048 | D:4      | Reached skill level 7 in Conjurations
  5247 | D:4      | Noticed an air elemental
  5253 | D:4      | Found a stormy altar of Qazlal.
  5254 | D:4      | Noticed a fire elemental
  5254 | D:4      | Noticed a water elemental
  5288 | D:4      | Reached XP level 8. HP: 41/41 MP: 10/15
  5476 | D:5      | Entered Level 5 of the Dungeon
  5556 | D:5      | Noticed Blork the orc
  5627 | D:5      | Found Huugusi's Antique Weapon Shop.
  6070 | D:5      | Reached ** piety under Vehumet
  6149 | D:5      | Offered knowledge of Searing Ray by Vehumet.
  6180 | D:5      | Found a glowing drain.
  6202 | Sewer    | Entered a sewer
  6454 | Sewer    | Reached skill level 8 in Conjurations
  6871 | D:5      | Killed from afar by Blork the orc

Levels and vault maps discovered:
D:1:      dpeg_arrival_chambers_temple_mockup, layout_basic
D:2:      layout_basic, evilmike_ruin_ashenzari, first_ration, uniq_sigmund,
          uniq_jessica
D:3:      layout_basic, vehumet_crystals
D:4:      layout_basic, nicolae_qazlal_style_of_elements,
          minmay_temple_entry_overgrown, minmay_misc_feat_x,
          minmay_shop_grid_forest
D:5:      layout_loops_corners, serial_shops, shop, portal_sewer_entry_b,
          st_stairs_8, uniq_blork_the_orc
Temple:   cyrus_circular_temple

Skill      XL: |  1  2  3  4  5  6  7  8 |
---------------+-------------------------+-----
Conjurations   | 2 3 5 7 8 |  8.3
Fire Magic     | 4 5 6 7 |  7.7
Spellcasting   | 3 4 |  4.4
Dodging        | |  2.1
Stealth        | |  2.0

Action                   |  1- 3 |  4- 6 |  7- 9 || total
-------------------------+-------+-------+-------++-------
Melee: Unarmed           |    14 |    35 |       ||    49
       Kick              |     2 |     6 |    10 ||    18
       Peck              |       |     2 |     5 ||     7
       Falchion          |       |     1 |       ||     1
       Glaive            |       |       |    60 ||    60
 Cast: Foxfire           |    61 |    58 |    86 ||   205
       Sticky Flame      |       |     2 |    24 ||    26
       Conjure Flame     |       |       |     4 ||     4
  Use: Scroll            |     4 |       |     6 ||    10
       Potion            |       |     2 |     1 ||     3
  Eat: Chunk             |     1 |     5 |    14 ||    20
       Ration            |     1 |       |       ||     1
Armor: Robe              |     7 |    10 |    17 ||    34
       Skin              |       |    11 |       ||    11
Dodge: Dodged            |    22 |    43 |    83 ||   148
       Rpst.: Falchion   |       |     1 |       ||     1

Table legend:
 A = Non-vault XP
 B = Vault XP
 C = Vault XP percentage of total XP
 D = Non-vault monster count
 E = Vault monster count
 F = Vault count percentage of total count
                 A         B        C        D         E       F
            +---------+---------+-------+---------+---------+-------
      Total |    1376 |     453 |  24.8 |     128 |      14 |   9.9
            +---------+---------+-------+---------+---------+-------
        D:1 |      65 |       0 |   0.0 |      36 |       0 |   0.0
        D:2 |      69 |     268 |  79.5 |      14 |       2 |  12.5
        D:3 |     241 |       0 |   0.0 |      26 |       0 |   0.0
        D:4 |     571 |       0 |   0.0 |      33 |       0 |   0.0
        D:5 |     430 |      75 |  14.9 |      19 |       6 |  24.0
      Sewer |       0 |     110 | 100.0 |       0 |       6 | 100.0
            +---------+---------+-------+---------+---------+-------
